 Dungeon Crawl Stone Soup version 0.32-a0-673-g3729bd50f8 (webtiles) character file.

Game seed: 16860691752717000664

67 GloriousHammer the Charlatan (level 4, -2/33 HPs)
             Began as a Coglin Artificer on Mar 10, 2024.
             Slain by a bombardier beetle (4 damage)
             ... on level 3 of the Dungeon.
             The game lasted 00:03:51 (1843 turns).

GloriousHammer the Charlatan (Coglin Artificer)     Turns: 1843, Time: 00:03:51

Health: -2/33      AC:  9    Str: 14    XL:     4   Next: 18%
Magic:  4/4        EV:  9    Int: 11    God:
Gold:   75         SH:  0    Dex: 14    Spells: 3/3 levels left

rFire   . . .        g - +2 dagger (speed) {Jasleen}
rCold   . . .        m - +0 short sword {Aida}
rNeg    . . .        n - +0 scale mail
rPois   .            s - +0 helmet
rElec   .            (no cloak)
rCorr   .            (no gloves)
SInv    .            q - +1 pair of boots
Will    .....        (amulet unavailable) Stlth
                     (ring unavailable)
HPRegen 0.25/turn    (ring unavailable)
MPRegen 0.09/turn    (no gizmo)

%: no passive effects
@: on fire, glowing, revved
A: off-hand wielding, slow wielding, warmup strikes, no jewellery
a: Invent Gizmo


You were on level 3 of the Dungeon.
You visited 1 branch of the dungeon, and saw 3 of its levels.

You collected 75 gold pieces.

Inventory:

Hand Weapons
 g - a +2 dagger of speed (weapon) {Jasleen}
 j - a +0 short sword {Tamao}
 m - a +0 short sword (offhand) {Aida}
Missiles
 r - 29 stones
Armour
 b - a +0 leather armour
 n - a +0 scale mail (worn)
 q - a +1 pair of boots (worn)
 s - a +0 helmet (worn)
Wands
 c - a wand of flame (15) (quivered)
 d - a wand of charming (15)
 e - a wand of iceblast (5)
Scrolls
 f - 2 scrolls of revelation {unknown}
 h - a scroll of vulnerability {unknown}
 i - a scroll of identify {unknown}
 k - 2 scrolls of fog {unknown}
 l - a scroll of teleportation {unknown}
Potions
 a - a potion of attraction {unknown}
 o - a potion of curing {unknown}
 p - a potion of enlightenment {unknown}


   Skills:
 + Level 1.8 Fighting
 + Level 2.3 Armour
 + Level 1.7 Dodging
 + Level 1.5 Stealth
 + Level 4.6 Evocations


You had 3 spell levels left.
You didn't know any spells.
Your spell library contained the following spells:

 Spells                   Type           Power      Damage    Failure   Level
 Summon Small Mammal      Summ           0%         N/A       83%         1
 Call Canine Familiar     Summ           0%         N/A       99%         3
 Summon Blazeheart Golem  Fire/Summ      0%         N/A       100%        4


Dungeon Overview and Level Annotations

Branches:
Dungeon (3/15)

Altars:

Shops:
D:1 [


Innate Abilities, Weirdness & Mutations

You can wield a second weapon in your off-hand.
It takes a long time for you to wield or remove held weapons.
Your first few attacks do less damage.
You cannot equip rings or amulets.


Message History

You kill the kobold!
You hit the ball python with your +0 short sword.
You kill the ball python!
Things that are here:
a +0 dagger; a ball python corpse; a kobold corpse
There is an open door here.
There is an open door here.
Things that are here:
a +0 dagger; a ball python corpse; a kobold corpse
There is an open door here.
A dart slug comes into view.
A dart slug is nearby!
A dart slug is nearby!
The dart slug launches a dart at you.
The slug dart hits you but does no damage.
You hit the dart slug with your +2 dagger of speed.
The dart slug is lightly wounded.
You hit the dart slug with your +0 short sword.
You hit the dart slug with your +0 short sword.
The dart slug is almost dead.
You hit the dart slug with your +2 dagger of speed.
You kill the dart slug!
You see here a dart slug corpse.
You open the door.
There is an open door here.
Done exploring.
Done exploring.
Done exploring.
Search for what [Enter for "."]? .
There is a stone staircase leading down here.
You climb downwards.
There is a stone staircase leading up here.
Found a stone staircase leading down.
You see here a staff of air.
You open the door.
A bombardier beetle comes into view.
The bombardier beetle sprays incendiary fluid at you.
The burning spray hits you.
You are covered in liquid fire!
There is an open door here.
Found a ring mail.
You shake off some of the fire as you move.
The liquid fire burns you!
You shake off some of the fire as you move.
The liquid fire burns you!
The bombardier beetle sprays incendiary fluid at you.
The burning spray hits you.
You are even more covered in liquid fire!
You shake off some of the fire as you move.
The liquid fire burns you!
You hit the bombardier beetle with your +0 short sword.
The bombardier beetle is lightly wounded.
You hit the bombardier beetle with your +2 dagger of speed.
The liquid fire burns you!
The bombardier beetle closely misses you.
You barely miss the bombardier beetle with your +2 dagger of speed.
The bombardier beetle is moderately wounded.
You closely miss the bombardier beetle with your +0 short sword.
The liquid fire burns you!
You shake off some of the fire as you move.
The liquid fire burns you!
The bombardier beetle bites you but does no damage.
You shake off some of the fire as you move.
The liquid fire burns you! The bombardier beetle bites you.
* * * LOW HITPOINT WARNING * * *
Okay, then.
You shake off the liquid fire.
You hit the bombardier beetle but do no damage.
The bombardier beetle is moderately wounded.
You closely miss the bombardier beetle with your +0 short sword.
The bombardier beetle barely misses you.
You hit the bombardier beetle with your +0 short sword.
The bombardier beetle is moderately wounded.
You hit the bombardier beetle but do no damage.
You hit the bombardier beetle with your +0 short sword.
The bombardier beetle is heavily wounded.
You hit the bombardier beetle with your +2 dagger of speed.
The bombardier beetle barely misses you.
You hit the bombardier beetle with your +0 short sword.
The bombardier beetle is severely wounded.
You barely miss the bombardier beetle with your +2 dagger of speed.
You hit the bombardier beetle with your +2 dagger of speed.
The bombardier beetle is severely wounded.
You hit the bombardier beetle with your +0 short sword.
The bombardier beetle sprays incendiary fluid at you.
The burning spray hits you.
You are covered in liquid fire!
You closely miss the bombardier beetle with your +0 short sword.
The bombardier beetle is almost dead.
You hit the bombardier beetle but do no damage.
The liquid fire burns you!
* * * LOW HITPOINT WARNING * * *
You completely miss the bombardier beetle with your +0 short sword.
The bombardier beetle is almost dead.
You hit the bombardier beetle but do no damage.
The liquid fire burns you!
* * * LOW HITPOINT WARNING * * *
The bombardier beetle bites you.
You die...

#.#........<# #
##.#|..#######
#.##....#..#
#.......#..#
######....#..#
..........#..#
#######'###...
#..B..........#
#..@..........#
#..............
#..............
#............#.
#..............
#............##
#...[........#
###########


You could see a bombardier beetle.

Vanquished Creatures
  2 adders (D:2)
  A dart slug (D:2)
  9 ball pythons
  4 endoplasms
  3 giant cockroaches
  4 goblins (D:1)
  4 hobgoblins
  8 kobolds
  A quokka (D:1)
  3 bats
  2 frilled lizards (D:1)
  4 rats
45 creatures vanquished.

Notes
Turn   | Place    | Note
-------+----------+-------------------------------------------
     0 | D:1      | GloriousHammer the Coglin Artificer began the quest for the
                  | Orb.
     0 | D:1      | Reached XP level 1. HP: 15/15 MP: 1/1
   156 | D:1      | Reached skill level 1 in Dodging
   215 | D:1      | Reached skill level 1 in Stealth
   220 | D:1      | Reached XP level 2. HP: 20/21 MP: 2/2
   382 | D:1      | You fall into a shaft and drop 1 floor!
   539 | D:2      | Reached XP level 3. HP: 26/26 MP: 3/3
   584 | D:2      | Found a faded altar of an unknown god.
   877 | D:1      | Found Qum Olyh's Antique Armour Shop.
  1251 | D:1      | Reached XP level 4. HP: 33/33 MP: 4/4
  1843 | D:3      | Slain by a bombardier beetle

Illustrated notes

Levels and vault maps discovered:
D:1:      minmay_arrival_wavy_path, layout_basic, serial_shops, shop
D:2:      layout_basic, shapermc_ecumenical_altar_pompeii,
          corexii_item_surrounded_by_moat, roderic_roman_lattice
D:3:      layout_basic, mainiacjoe_overflow_brackets

Skill      XL: |  1  2 |
---------------+-------+-----
Dodging        | 1 |  1.7
Stealth        | 1 |  1.5
Armour         | 2 |  2.3
Fighting       | |  1.8
Evocations     | |  4.6

Action                     |  1- 3 |  4- 6 || total
---------------------------+-------+-------++-------
  Melee: Dagger            |    94 |    23 ||   117
         Club              |     3 |       ||     3
         Short sword       |    72 |    21 ||    93
 Armour: Leather armour    |    28 |       ||    28
         Scale mail        |    21 |    14 ||    35
  Dodge: Dodged            |    48 |    11 ||    59

Table legend: (Time is in decaauts)
 A = Elapsed time spent in this place.
 B = Non-inter-level travel time spent in this place.
 C = Inter-level travel time spent in this place.
 D = Time resting spent in this place.
 E = Time spent auto-exploring this place.
 F = Levels seen in this place.
 G = Mean time per level.
                   A        B        C        D        E       F      G
               +--------+--------+--------+--------+--------+-----+--------+
         Total |   1830 |   1776 |     54 |    158 |   1094 |   3 |  610.0 |
       Dungeon |   1830 |   1776 |     54 |    158 |   1094 |   3 |  610.0 |
               +--------+--------+--------+--------+--------+-----+--------+

Top non-repeatable levels by time:
     D:1: 976 daAuts
     D:2: 825 daAuts
     D:3: 28 daAuts
